AoeStats
← Gilmarq97

Lombardia

510235288Analyzed
4v4 RM · 1d ago on Sep 30, 2026· 53m 30s· 8 players
Game mode
Random Map
Map size
Large (8 player)
Population
200
Speed
Normal
Resources
Standard
Victory
Conquest
Starting age
Dark Age
Ending age
Imperial Age
RankedLock teamsTeams togetherTeam positionsShared explorationLock speedFull tech treeHidden civsTurbo modeCheats
Victory
Defeat
🇲🇽 Georgians · Mexico
1035
+15
🇨🇴 Cumans · Colombia
1014
+16
🇺🇸 Magyars · United States
1011
+16
🇨🇳 Britons · China
1006
+16
🇨🇱 Mapuche · Chile
1038
-17
🇨🇱 Khmer · Chile
1008
-16
🇨🇱 Huns · Chile
1004
-15
🇦🇷 Berbers · Argentina
987
-15
BLOO
7:16 Loom
7:19 Loom
10:07 Feudal Age
10:45 Double-Bit Axe
10:42 Horse Collar
18:57 Castle Age
18:44 Bloodlines
19:48 Bow Saw
19:41 Heavy Plow
23:38 Husbandry
25:31 Wheelbarrow
26:20 Scale Barding Armor
26:47 Corvinian Army
30:42 Chain Barding Armor
37:03 Imperial Age
34:03 Light Cavalry
35:12 Fletching
35:47 Hand Cart
35:17 Town Watch
37:00 Ballistics
37:04 Elite Magyar Huszar
38:47 Two-Man Saw
38:25 Crop Rotation
40:07 Chemistry
39:47 Plate Barding Armor
39:08 Bodkin Arrow
39:27 Masonry
40:15 Conscription
40:31 Hoardings
42:50 Heavy Scorpion
43:41 Siege Engineers
44:24 Bracer
44:24 Padded Archer Armor
48:48 Treadmill Crane
48:51 Sappers
48:49 Elite Skirmisher
53:30 Cavalier
Gilmarq97
6:38 Loom
9:38 Feudal Age
10:29 Double-Bit Axe
16:40 Castle Age
15:03 Stone Mining
16:14 Bloodlines
16:02 Gold Mining
16:41 Horse Collar
18:23 Scale Barding Armor
21:09 Husbandry
23:11 Wheelbarrow
22:37 Town Watch
23:31 Fletching
27:43 Town Patrol
31:16 Imperial Age
30:03 Hand Cart
30:45 Forging
32:03 Iron Casting
31:24 Bodkin Arrow
33:11 Conscription
34:47 Elite Monaspa
35:34 Aznauri Cavalry
39:18 Blast Furnace
38:39 Chain Barding Armor
38:46 Bow Saw
47:12 Plate Barding Armor
46:38 Bracer
48:25 Caravan
50:52 Elite Skirmisher
53:04 Ballistics
53:45 Chemistry
Juanes
10:11 Feudal Age
10:52 Double-Bit Axe
22:05 Castle Age
21:09 Wheelbarrow
20:16 Horse Collar
20:46 Stone Mining
20:49 Gold Mining
22:25 Bloodlines
23:54 Hand Cart
24:20 Gold Shaft Mining
25:47 Heavy Plow
26:04 Bow Saw
33:04 Imperial Age
30:24 Loom
31:11 Steppe Husbandry
30:33 Pikeman
31:31 Forging
31:27 Scale Barding Armor
34:07 Iron Casting
33:53 Chain Barding Armor
33:13 Cavalier
35:21 Two-Man Saw
34:55 Crop Rotation
34:51 Paladin
35:56 Masonry
42:22 Ballistics
43:03 Chemistry
43:07 Blast Furnace
42:43 Plate Barding Armor
42:09 Scale Mail Armor
43:36 Caravan
44:20 Squires
44:06 Arson
44:00 Halberdier
45:25 Light Cavalry
47:54 Hussar
49:30 Capped Ram
51:51 Siege Ram
挺拔的象拔蚌
7:19 Loom
10:35 Feudal Age
14:41 Double-Bit Axe
17:24 Castle Age
20:06 Wheelbarrow
19:15 Horse Collar
19:47 Bow Saw
22:37 Fletching
24:14 Squires
24:15 Heavy Plow
24:11 Gold Mining
24:13 Stone Mining
25:35 Gold Shaft Mining
31:15 Imperial Age
29:09 Padded Archer Armor
29:38 Hand Cart
29:53 Treadmill Crane
31:15 Town Watch
31:53 Ballistics
32:47 Conscription
32:59 Pikeman
33:20 Elite Longbowman
34:01 Bodkin Arrow
35:44 Bracer
36:46 Chemistry
36:00 Fortified Wall
37:10 Yeomen
38:10 Leather Archer Armor
38:06 Forging
37:20 Halberdier
37:46 Arson
39:40 Town Patrol
40:14 Ring Archer Armor
40:19 Iron Casting
46:43 Warwolf
48:16 Caravan
49:04 Siege Engineers
54:50 Blast Furnace
Hinokami
3:39 Loom
10:52 Feudal Age
11:29 Double-Bit Axe
11:26 Horse Collar
12:25 Champi Runner
14:58 Gold Mining
15:51 Scale Mail Armor
19:18 Fletching
19:29 Padded Archer Armor
19:45 Forging
25:10 Castle Age
25:23 Pikeman
25:24 Elite Skirmisher
26:08 Heavy Plow
26:22 Bow Saw
26:55 Bodkin Arrow
27:15 Leather Archer Armor
27:17 Chain Mail Armor
27:37 Iron Casting
31:03 Wheelbarrow
34:53 Hand Cart
38:10 Imperial Age
35:49 Arson
35:24 Champi Warrior
36:11 Town Watch
38:16 Halberdier
39:34 Plate Mail Armor
40:33 Ring Archer Armor
42:56 Blast Furnace
43:12 Conscription
Kenmarks
13:07 Feudal Age
18:31 Castle Age
16:56 Double-Bit Axe
16:56 Horse Collar
17:36 Forging
17:31 Scale Barding Armor
19:38 Heavy Plow
20:46 Bloodlines
21:20 Bow Saw
28:43 Caravan
28:54 Gold Mining
30:46 Iron Casting
30:33 Chain Barding Armor
34:40 Imperial Age
32:37 Ballistics
32:29 Fletching
32:40 Padded Archer Armor
35:21 Wheelbarrow
34:34 Town Watch
35:08 Leather Archer Armor
35:16 Bodkin Arrow
34:51 Light Cavalry
35:24 Loom
37:53 Two-Man Saw
37:16 Husbandry
38:11 Hussar
39:22 Parthian Tactics
39:53 Thumb Ring
41:05 Chemistry
45:01 Blast Furnace
44:02 Bracer
44:41 Plate Barding Armor
46:31 Scale Mail Armor
47:12 Pikeman
47:52 Squires
47:38 Arson
48:55 Hand Cart
50:16 Halberdier
maltax3
11:15 Feudal Age
11:58 Double-Bit Axe
11:55 Horse Collar
18:42 Castle Age
17:03 Gold Mining
20:15 Wheelbarrow
21:36 Bow Saw
21:29 Heavy Plow
23:31 Caravan
23:31 Stone Mining
24:22 Loom
24:55 Hand Cart
25:49 Gold Shaft Mining
32:16 Imperial Age
30:27 Stone Shaft Mining
33:15 Siege Engineers
34:12 Chemistry
34:05 Fortified Wall
34:16 Heavy Scorpion
38:33 Town Watch
Keikz
12:40 Feudal Age
14:30 Loom
17:04 Castle Age
19:37 Stone Mining
19:33 Double-Bit Axe
23:47 Wheelbarrow
25:17 Caravan
27:03 Gold Mining
30:11 Imperial Age
28:03 Bow Saw
29:06 Thumb Ring
29:03 Fletching
29:10 Horse Collar
30:57 Kasbah
31:30 Ballistics
31:57 Conscription
33:28 Chemistry
33:18 Heavy Plow
33:52 Elite Genitour
35:44 Bloodlines
35:35 Husbandry
36:00 Bodkin Arrow
36:06 Padded Archer Armor
36:58 Hand Cart
37:12 Elite Camel Archer
38:25 Bracer
38:40 Leather Archer Armor
40:28 Crop Rotation
41:47 Ring Archer Armor
45:32 Heavy Camel Rider
49:28 Forging
49:23 Scale Barding Armor
Connection lost

Rejoining the realm…

Still unreachable

The connection could not be restored.

Session expired

The server has moved on; the page needs a fresh start.